 Dungeon Crawl Stone Soup version 0.20.1-1-g8b1a95d (webtiles) character file.

88 Nattfarinn the Covert (level 4, -15/33 HPs)
             Began as a Vampire Assassin on Aug 1, 2017.
             Demolished by a gnoll
             ... wielding a +0 halberd of chopping
              (16 damage)
             ... on level 2 of the Dungeon.
             The game lasted 00:04:27 (1179 turns).

Nattfarinn the Covert (Vampire Assassin)            Turns: 1179, Time: 00:04:27

Health: -15/33     AC:  4    Str: 11    XL:     4   Next: 29%
Magic:  4/4        EV: 12    Int: 13    God:
Gold:   70         SH:  0    Dex: 15    Spells: 3/3 levels left

rFire    x . .     SeeInvis +   a - +2 dagger
rCold    + + .     Gourm    .   (no shield)
rNeg     + + .     Faith    .   c - +0 robe
rPois    +         Spirit   .   (no helmet)
rElec    .         Reflect  .   d - +0 cloak
rCorr    .         Harm     .   i - +0 pair of gloves
MR       .....                  (no boots)
Stlth    +++++.....             (no amulet)
Regen    0.1/turn               p - ring of ice
MPRegen  0.1/turn               (no ring)

@: regenerating slowly
A: fangs 3, see invisible, unbreathing
a: Bat Form


You were on level 2 of the Dungeon.
You were thirsty.

You visited 1 branch of the dungeon, and saw 2 of its levels.

You collected 70 gold pieces.

Inventory:

Hand Weapons
 a - a +2 dagger (weapon)
 b - a +0 blowgun
Missiles
 e - 8 poisoned needles
 f - 2 curare-tipped needles
Armour
 c - a +0 robe (worn)
 d - a +0 cloak (worn)
 i - a +0 pair of gloves (worn)
Jewellery
 p - a ring of ice (left hand)
 q - an uncursed ring of protection from cold {unknown}
Scrolls
 j - 3 scrolls of identify {unknown}
 k - 3 scrolls of fear {unknown}
 l - a scroll of recharging {unknown}
 m - a scroll of teleportation {unknown}
 n - 2 scrolls of magic mapping {unknown}
Potions
 g - 4 potions of blood
 h - a potion of resistance {unknown}
 o - a potion of might {unknown}
 r - a potion of heal wounds {unknown}


   Skills:
 * Level 1.9 Fighting
 + Level 2.7 Short Blades
 - Level 1.5 Throwing
 - Level 1.1 Dodging
 * Level 8.3 Stealth


You had 3 spell levels left.
You didn't know any spells.

Dungeon Overview and Level Annotations

Branches:
Dungeon (2/15)

Altars:
Dithmenos
Elyvilon
Nemelex Xobeh
Ru
Uskayaw


Innate Abilities, Weirdness & Mutations

You heal slowly.
You have razor-sharp teeth.
You have supernaturally acute eyesight. (SInv)
You can survive without breathing.


Message History

The gnoll is almost dead.
The gnoll closely misses you.
You hit the gnoll but do no damage.
The gnoll is almost dead.
You barely miss the gnoll.
The gnoll is almost dead.
The gnoll hits you with a whip.
* * * LOW HITPOINT WARNING * * *
You hit the gnoll.
You kill the gnoll!
You hit the hobgoblin.
The hobgoblin is almost dead.
The hobgoblin closely misses you.
You hit the hobgoblin.
You kill the hobgoblin!
You hit the gnoll but do no damage.
The gnoll is moderately wounded.
The gnoll misses you.
The gnoll hits you from afar with a halberd of chopping!
You die...

## # #### #.##. ....
#.... .##.. #...# #
.... #...## .#. #..
#.#..## ....#..
#.#...#######.......
#.#@#........[#.....
#.#g###.#.#######...
#.#g# #...).....#...
#...# ###...........
#..########..###.⌠.⌠
#..###.......# #.._.
#%.##.......## ##⌠.⌠
#..#.........# ##..
#..#.........#######


You could see 2 gnolls.

Vanquished Creatures
  2 gnolls (D:2)
  An adder (D:2)
  2 oozes
  3 worms (D:2)
  2 dart slugs (D:1)
  2 leopard geckos
  5 bats
  3 goblins
  6 hobgoblins
  3 frilled lizards (D:2)
  5 kobolds
  5 rats
39 creatures vanquished.

Notes
Turn   | Place    | Note
-------+----------+-------------------------------------------
     0 | D:1      | Nattfarinn the Vampire Assassin began the quest for the Orb.
     0 | D:1      | Reached XP level 1. HP: 16/16 MP: 1/1
     5 | D:1      | Reached skill level 6 in Stealth
   176 | D:1      | Reached XP level 2. HP: 22/22 MP: 2/2
   300 | D:1      | Reached skill level 7 in Stealth
   567 | D:2      | Found a faded altar of an unknown god.
   576 | D:2      | Reached XP level 3. HP: 27/27 MP: 3/3
   598 | D:2      | Found a sparkling altar of Nemelex Xobeh.
   848 | D:2      | Found a white marble altar of Elyvilon.
   932 | D:2      | Reached skill level 8 in Stealth
  1058 | D:2      | Found a hide-covered altar of Uskayaw.
  1059 | D:2      | Found a sacrificial altar of Ru.
  1095 | D:2      | Found a shadowy altar of Dithmenos.
  1165 | D:2      | Reached XP level 4. HP: 16/33 MP: 4/4
  1175 | D:2      | HP: 1/33 [gnoll/whip (6)]
  1179 | D:2      | Demolished by a gnoll

Skill      XL: |  1  2  3 |
---------------+----------+-----
Stealth        | 6 7 8 |  8.3
Fighting       | |  1.9
Short Blades   | |  2.7
Throwing       | |  1.5
Dodging        | |  1.1

Action                   |  1- 3 |  4- 6 || total
-------------------------+-------+-------++-------
Melee: Dagger            |   113 |    14 ||   127
       Bite              |    10 |       ||    10
 Stab: Sleeping          |    13 |       ||    13
       Distracted        |     1 |       ||     1
Armor: Robe              |    23 |       ||    23
Dodge: Dodged            |    50 |     7 ||    57
